[Event "*** Titled Tuesday Blitz"]
[Site "Chess.com"]
[Date "2018.05.01"]
[Round "5"]
[White "akretchetov"]
[Black "51616516516"]
[Result "1/2-1/2"]
[WhiteElo "2260"]
[BlackElo "2167"]
[TimeControl "180+2"]
[EndTime "14:09:50 PDT"]
[Termination "Game drawn - insufficient material"]

1. Nf3 Nf6 2. c4 g6 3. Nc3 Bg7 4. e4 c5 5. d4 cxd4 6. Nxd4 d6 7.
Be2 Nc6 8. Be3 O-O 9. O-O Bd7 10. f3 Nxd4 11. Bxd4 a5 12. b3 Bc6 13. Qd2 Nd7 14.
Bf2 Nc5 15. Rab1 f5 16. exf5 gxf5 17. Bd1 Qe8 18. Nd5 Bxd5 19. Qxd5+ Qf7 20. Qxf7+ Kxf7 21. Bc2 Ke6 22. Rfe1+ Kd7 23. Rbd1 b6 24. Rd5 e6 25. Rdd1 Ke7 26. Re2 Rad8 27. f4 Rb8 28. g3 e5 29.
Rd5 Ke6 30. a3 e4 31. b4 axb4 32. axb4 Nd7 33. g4 Nf6 34. gxf5+ Kd7 35. Rb5 Rfe8 36. Ba4 Kc7 37. Bc2 Re7 38. Bd4 Nh5 39. Be3 Nf6 40.
h3 Nh5 41. Kh2 Bh6 42. Rf2 Rb7 43. Bd1 Nf6 44. Bg4 Bg7 45. Ra2 Re8 46. Ra6 Bh8 47.
Raxb6 Rxb6 48. Bxb6+ Kc6 49. Bd4 Ra8 50. Rb6+ Kc7 51.
c5 Nxg4+ 52. hxg4 Bxd4 53. Rxd6 Ra2+ 54. Kh3 Bc3 55. Re6 Re2 56. f6 Bxb4 57. c6 e3 58. g5 Re1 59. Kg4 Rg1+ 60. Kf5 Rg3 61. f7 Bc5 62.
Kf6 Rf3 63. f5 Rf2 64. Kg7 Rxf5 65. Rxe3 Rxg5+ 66. Kxh7 Kxc6 67. Rc3 Rf5 68. Rxc5+ Kxc5 69. Kg7 Rxf7+ 70. Kxf7 1/2-1/2

[Event "*** Titled Tuesday Blitz"]
[Site "Chess.com"]
[Date "2018.05.01"]
[Round "5"]
[White "Pudor"]
[Black "LuisFSiles"]
[Result "0-1"]
[WhiteElo "2222"]
[BlackElo "2251"]
[TimeControl "180+2"]
[EndTime "14:09:51 PDT"]
[Termination "LuisFSiles won by resignation"]

1. d4 Nf6 2. c4 g6 3. Nc3 Bg7 4.
e4 d6 5. Nf3 O-O 6. Be2 c5 7.
O-O Nc6 8. d5 Na5 9. Ne1 e5 10.
b3 Nd7 11. Nd3 b6 12. Rb1 f5 13. a3 Nb7 14. Qc2 Nf6 15. f3 f4 16. g4 g5 17. b4 h5 18. h3 Rf7 19. Kg2 Bf8 20. Rh1 Rh7 21. bxc5 Nxc5 22. Nxc5 dxc5 23. Bd2 Bd6 24.
a4 Bd7 25. a5 Qc7 26. Nb5 Bxb5 27. Rxb5 hxg4 28. fxg4 Qd8 29. axb6 axb6 30. Rhb1 Ra6 31.
Qb3 Bc7 32. Bf3 Nd7 33. Bc3 Qf6 34. Rh1 Qd8 35. d6 Bxd6 36. Rd1 Qc7 37. Qc2 Rh6 38. Qd3 Nf8 39. Qd5+ Kh7 40. Rb2 Ne6 41. Rbd2 Nd4 42. Bxd4 cxd4 43. Qb5 Ra3 44. Qe8 Qg7 45. Rd3 Ra2+ 46.
R1d2 Ra1 47. Rd1 Ra7 48. Rb1 Bc5 49. Rb2 Rd6 50. Qc8 Qg6 51. Bd1 Qh6 52. Qf5+ Rg6 53. Qxe5 Qh4 54. Qf5 Ra1 55. Qd7+ Kh6 56. Qc8 Kh7 57.
Qd7+ Rg7 58. Qf5+ Kh8 59. e5 Rxd1 60. Rxd1 Qg3+ 61. Kf1 Qxh3+ 62. Ke1 Qe3+ 63. Re2 Bb4+ 64. Kf1 Qf3+ 65. Kg1 Qxe2 66. Qc8+ Rg8 0-1

[Event "*** Titled Tuesday Blitz"]
[Site "Chess.com"]
[Date "2018.05.01"]
[Round "5"]
[White "Fins0905"]
[Black "chidori_boruto"]
[Result "1-0"]
[WhiteElo "2573"]
[BlackElo "2517"]
[TimeControl "180+2"]
[EndTime "14:09:58 PDT"]
[Termination "Fins0905 won on time"]

1. d4 d5 2. c4 c6 3. cxd5 cxd5 4. Nf3 Nf6 5. Nc3 Nc6 6. Bf4 Bf5 7.
e3 e6 8. Qb3 Bb4 9. Bb5 O-O 10.
O-O Bxc3 11. Qxc3 Rc8 12. Rfc1 a6 13. Bf1 Ne4 14. Qa3 g5 15. Bg3 h5 16. h3 Nxg3 17. fxg3 Qf6 18. Be2 Be4 19. Rf1 Qg7 20. Nh2 Bg6 21.
Rad1 Rc7 22. g4 h4 23. Nf3 f6 24. Qd6 Qd7 25. Qxd7 Rxd7 26. Rc1 Rc8 27. Rc5 Rdc7 28. Rfc1 Be8 29. b4 b5 30. a4 Kf7 31. axb5 axb5 32. Bxb5 Ke7 33. Ba6 Ra8 34. b5 Kd6 35. b6 Rxa6 36.
bxc7 Kxc7 37. Rb5 Kd6 38. Rb7 Bd7 39. Ne1 Ra3 40. Kf2 e5 41. dxe5+ fxe5 42. Rd1 Ra2+ 43.
Kf1 Na5 44. Rb6+ Kc5 45. Rg6 Bb5+ 46. Kg1 e4 47. Rxg5 Bc4 48. Rf5 Re2 49. g5 Rxe3 50. g6 Rg3 51. Rf6 d4 52. Nc2 d3 53. Rf5+ Bd5 54. Ne1 Rxg6 55. Nxd3+ exd3 56. Rxd3 Rd6 57. Rh5 Nc6 58. Rxh4 Nb4 59. Rd2 Rg6 60. Rxb4 Bxg2 61. Rg4 Be4 62. Rxg6 Bxg6 63. Kf2 1-0

[Event "*** Titled Tuesday Blitz"]
[Site "Chess.com"]
[Date "2018.05.01"]
[Round "5"]
[White "nihalsarin"]
[Black "tuttocalabria"]
[Result "0-1"]
[WhiteElo "2736"]
[BlackElo "2330"]
[TimeControl "180+2"]
[EndTime "14:10:05 PDT"]
[Termination "tuttocalabria won on time"]

1. e4 d6 2. d4 Nf6 3. Nc3 c6 4. Be3 Qb6 5. a3 Ng4 6. Bc1 e5 7. Nf3 Nd7 8. h3 Ngf6 9. Be3 Qc7 10. Bc4 Be7 11. O-O O-O 12. Bb3 exd4 13. Bxd4 Ne5 14. Qe2 Be6 15. Bxe5 dxe5 16. Bxe6 fxe6 17. Qc4 Nh5 18.
Qxe6+ Kh8 19. Nxe5 Bf6 20. Nd3 Bxc3 21. bxc3 Rae8 22.
Qc4 Nf6 23. Rae1 Qe7 24. Qb4 Qf7 25. f3 Nh5 26. Rd1 b6 27. Qd4 Qg6 28. Rd2 h6 29. Qd7 c5 30. c4 Qg5 31. f4 Qg6 32. e5 Ng3 33. Rf3 Nf5 34. Rff2 Re7 35. Qd5 Nd4 36. Qd6 Qe8 37. Qd5 Nf5 38. Qe4 Qf7 39. e6 Rxe6 40.
Ne5 Qf6 41. c3 Rfe8 42. Qd3 Kg8 43. Qd5 Ne7 44. Qe4 Nc6 45. Rde2 Nxe5 46. fxe5 Qxe5 47. Qf3 Qxe2 48. Rxe2 Rxe2 49. Qb7 R2e7 50. Qd5+ Kh8 51. Kh2 Rc7 52. a4 Ree7 53. g4 Rcd7 54. Qa8+ Kh7 55.
Qc6 g6 56. Kg3 Re3+ 57. Kf4 Rde7 58. h4 R7e4+ 59. Qxe4 Rxe4+ 60. Kxe4 Kg7 61. Ke5 Kf7 62. g5 hxg5 63. hxg5 Ke7 64. Kd5 Kd7 0-1

[Event "*** Titled Tuesday Blitz"]
[Site "Chess.com"]
[Date "2018.05.01"]
[Round "5"]
[White "ChainsOfFantasia"]
[Black "platy3"]
[Result "0-1"]
[WhiteElo "2428"]
[BlackElo "2676"]
[TimeControl "180+2"]
[EndTime "14:10:09 PDT"]
[Termination "platy3 won by resignation"]

1. d4 Nf6 2. c4 g6 3. Nf3 Bg7 4.
Nc3 O-O 5. e3 c5 6. Be2 cxd4 7.
exd4 d5 8. O-O Nc6 9. c5 Bg4 10. Be3 Bxf3 11. Bxf3 e6 12. b4 Nxb4 13. Qb3 Qa5 14.
Rab1 Nc6 15. Qxb7 Rfc8 16. Qb3 Rab8 17. Qc2 Nd7 18. Rfd1 Rxb1 19. Nxb1 Rb8 20. Nc3 Qa3 21. Nxd5 exd5 22. Bxd5 Nb4 23. Bxf7+ Kxf7 24. Qc4+ Kf8 25.
Bf4 Qxa2 26. Bd6+ Ke8 27. Re1+ Kd8 28. Qxa2 Nxa2 29. Bxb8 Nxb8 30. d5 Nb4 31. d6 N8c6 32.
Re3 a5 33. Rf3 Bd4 34. Rf8+ Kd7 35. Rf7+ Ke6 36. Rxh7 Bxc5 37. d7 Be7 38. Rg7 a4 39. Rxg6+ Kxd7 40. Rg8 Na6 41. Rg4 Ncb4 42. Rd4+ Ke6 43.
Rd2 a3 44. g3 Bf6 45. Re2+ Kf7 46. Kg2 Bb2 47. Re1 a2 48. h4 Nd3 49. Rd1 Nc1 50.
Rd7+ Ke6 51. Rh7 a1=Q 52. Rh6+ Kf7 53. Rh7+ Bg7 54. Rh5 Qb1 55. Ra5 Qb7+ 56. Kh2 Nb3 57. Rf5+ Ke6 58. Rf4 Nd2 59. h5 Bh6 60. Rg4 Nf1+ 61.
Kg1 Kf5 62. Ra4 Nd2 63. Ra5+ Kg4 64. Ra4+ Kf3 65. Ra3+ Ke2 66. Re3+ Bxe3 0-1

[Event "*** Titled Tuesday Blitz"]
[Site "Chess.com"]
[Date "2018.05.01"]
[Round "5"]
[White "TigranLPetrosyan"]
[Black "DanielNaroditsky"]
[Result "1-0"]
[WhiteElo "2693"]
[BlackElo "2803"]
[TimeControl "180+2"]
[EndTime "14:10:15 PDT"]
[Termination "TigranLPetrosyan won by resignation"]

1. Nf3 d5 2. g3 g6 3. Bg2 Bg7 4. O-O e5 5. c4 dxc4 6. Qa4+ Nc6 7. Qxc4 Nge7 8. d3 Be6 9. Qc2 O-O 10. Nc3 h6 11. Be3 Nf5 12. Bc5 Re8 13. e3 a5 14.
Rfd1 Nb4 15. Qa4 Bd7 16. Qb3 Be6 17. Qa4 Bd7 18. Nb5 Na6 19. d4 e4 20. Nd2 Nxc5 21.
dxc5 Re5 22. Qc4 Qe7 23. Nc3 Rxc5 24. Qxe4 Bc6 25. Qxe7 Nxe7 26. Nde4 Rc4 27. a3 Bxe4 28. Nxe4 Nf5 29. Rab1 Re8 30. Nd2 Rc2 31. b4 axb4 32. axb4 b6 33. Rbc1 Rxc1 34. Rxc1 Rd8 35. Nf3 Bf8 36.
g4 Ng7 37. Rxc7 Bxb4 38. Bf1 Ne6 39. Rb7 Bc5 40. Ne5 Rf8 41. Bc4 Nd8 42. Rd7 Kg7 43.
Kg2 Kf6 44. f4 Bxe3 45. Rd3 Ne6 46. Rxe3 Rd8 47. Bxe6 fxe6 48. Kf3 g5 49. fxg5+ hxg5 50. Nd3 Rh8 51. Kg3 Rd8 52. Nf2 Rd4 53. Ne4+ Kg6 54.
Kf3 b5 55. Nc5 Rd5 56. Rxe6+ Kf7 57. Rc6 b4 58. Ke4 Rd2 59. Rb6 Rf2 60. Nd3 Rxh2 61. Kf5 Rd2 62. Ne5+ Kg8 63. Rxb4 Rd5 64. Rb7 Ra5 65. Kg6 Ra6+ 66. Kxg5 Ra5 67. Kf5 Ra6 68. g5 Ra1 69. Ng4 Rf1+ 70. Kg6 Kf8 71. Nf6 1-0

[Event "*** Titled Tuesday Blitz"]
[Site "Chess.com"]
[Date "2018.05.01"]
[Round "5"]
[White "bangchess21"]
[Black "LastHeroJr"]
[Result "0-1"]
[WhiteElo "2500"]
[BlackElo "2451"]
[TimeControl "180+2"]
[EndTime "14:10:16 PDT"]
[Termination "LastHeroJr won by resignation"]

1. e4 e5 2. Nf3 Nc6 3. d4 exd4 4. Nxd4 Nf6 5. Nxc6 bxc6 6. e5 Qe7 7. Qe2 Nd5 8. c4 Ba6 9. b3 g6 10. Ba3 Nb4 11.
Bb2 Bg7 12. a3 Nd5 13. Qe4 Nb6 14. Nd2 O-O 15. Bd3 d5 16. Qe3 dxc4 17. Nxc4 Bxc4 18. bxc4 Na4 19. Bc1 Bxe5 20. Ra2 Bc3+ 21. Kf1 Qf6 22.
Be4 Rad8 23. Qf3 Qe6 24. g3 Qxc4+ 25. Re2 Rd6 26. Kg2 Rf6 27. Qd3 Qxd3 28. Bxd3 Bd4 29. Bg5 Re6 30. Rxe6 fxe6 31. Bc4 Kf7 32. Re1 Nc5 33.
Bd2 Ke7 34. f4 Kf6 35. Bb4 Re8 36. Rd1 e5 37. fxe5+ Kxe5 38. Bxc5 Bxc5 39. Re1+ Kd4 40. Rxe8 Kxc4 41. a4 Kb4 42. Re4+ Kc3 43. g4 Bd6 44. h4 c5 45. g5 c4 46. Kf3 Kb3 47.
Ke2 c3 48. Re3 Kb2 49. Kd3 Bb4 50. Re4 c5 51. Re2+ Kb3 52. Rh2 Kxa4 53. Kc2 Kb5 54. h5 a5 55. hxg6 hxg6 56. Rh6 a4 57. Rxg6 a3 58.
Rg8 a2 59. Ra8 Ba5 60. Rb8+ Ka4 61. Rb1 axb1=Q+ 62. Kxb1 Kb3 63. Kc1 c2 64. g6 Bb4 65.
g7 Ba3+ 66. Kd2 c1=Q+ 67. Kd3 Qc4+ 68. Ke3 Qd4+ 0-1

[Event "*** Titled Tuesday Blitz"]
[Site "Chess.com"]
[Date "2018.05.01"]
[Round "5"]
[White "Hanging_pointer"]
[Black "LisikValera"]
[Result "1/2-1/2"]
[WhiteElo "2338"]
[BlackElo "2416"]
[TimeControl "180+2"]
[EndTime "14:10:22 PDT"]
[Termination "Game drawn - insufficient material"]

1. e4 e6 2. Nc3 d5 3. Nf3 Nf6 4. e5 Nfd7 5. d4 c5 6. dxc5 Bxc5 7. Bd3 Nc6 8. Bf4 Be7 9. O-O g5 10. Be3 g4 11. Nd4 Ncxe5 12. f4 Nxd3 13. cxd3 Nf6 14.
Qe2 Bd7 15. a4 a6 16. f5 e5 17. Bg5 O-O 18. Qxe5 Re8 19. a5 Bc6 20. h3 Nd7 21. Bxe7 Nxe5 22. Bxd8 Raxd8 23. hxg4 Nxd3 24. b3 Nc5 25. f6 Ne4 26. Rac1 Re5 27. Rf4 Rd6 28. Re1 Rg5 29. Nxc6 Rxc6 30. Nxd5 Rxd5 31. Rexe4 h6 32. Re7 Rxa5 33. Rxb7 Rg5 34. Rb8+ Kh7 35. Kh2 Rg6 36. Kg3 Rgxf6 37. Rf5 Kg7 38. Kf4 Rcd6 39. Rb7 Rd4+ 40.
Ke5 Rdd6 41. b4 Rde6+ 42. Kf4 Rd6 43. g3 Kg6 44. Rc7 Rd4+ 45. Ke5 Rdd6 46. Ke4 Rfe6+ 47. Re5 Rxe5+ 48. Kxe5 Rd3 49. Rc6+ Kg5 50. Rxa6 Rxg3 51. Ra8 Re3+ 52. Kd4 Rb3 53. Rg8+ Kf4 54. Kc4 Rb1 55. b5 f5 56. gxf5 Kxf5 57. Rf8+ Kg4 58. Kc5 h5 59. Rg8+ Kf4 60. Rh8 Rc1+ 61. Kd6 Kg4 62. Rg8+ Kf4 63. Rf8+ Kg4 64. b6 Rd1+ 65. Kc6 Rc1+ 66. Kb5 Rb1+ 67. Kc6 h4 68. Rg8+ Kf3 69. b7 Rxb7 70. Kxb7 h3 71. Ka8 h2 72. Rh8 Kg2 73. Rxh2+ Kxh2 1/2-1/2

[Event "*** Titled Tuesday Blitz"]
[Site "Chess.com"]
[Date "2018.05.01"]
[Round "5"]
[White "VerdeNotte"]
[Black "FabianoCaruana"]
[Result "1/2-1/2"]
[WhiteElo "2635"]
[BlackElo "2796"]
[TimeControl "180+2"]
[EndTime "14:10:53 PDT"]
[Termination "Game drawn by agreement"]

1. e4 e5 2. Nf3 Nc6 3. c3 Nf6 4. d4 exd4 5. e5 Ne4 6. Qe2 Nc5 7. cxd4 Ne6 8. d5 Ned4 9. Nxd4 Nxd4 10. Qe4 Bb4+ 11.
Nc3 c5 12. Bd3 d6 13. exd6+ Kf8 14. Qf4 h5 15. O-O Rh6 16. Ne4 Bf5 17. Be3 g5 18. Qxg5 Nf3+ 19. gxf3 Rg6 20. Kh1 Rxg5 21. Bxg5 Bxe4 22.
Bxd8 Bxf3+ 23. Kg1 Rxd8 24. Rfc1 b6 25. a3 Bd2 26. Rc2 Bf4 27. Re1 Rxd6 28. Be4 Bg4 29. b4 cxb4 30. axb4 Bd7 31. h4 Kg7 32. Kg2 a5 33.
Kf3 Be5 34. bxa5 bxa5 35. Rg1+ Kf6 36. Ke3 Rb6 37. f3 Rb3+ 38. Kd2 Bf4+ 39. Ke2 Bb5+ 40. Kf2 Be3+ 41. Kg2 Bxg1 42. Kxg1 a4 43. Kf2 a3 44. Kg3 Ke5 45. Rc7 f5 46. Re7+ Kd6 47. Re6+ Kc5 48. Bxf5 a2 49. Re1 Ra3 50. Ra1 Kxd5 51. Bg6 Bc4 52. Bxh5 Kd4 53. Bg6 Bd5 54. Kg4 Bxf3+ 55.
Kg5 Ra5+ 56. Kf6 Ra6+ 57. Kg5 Bd5 58. h5 Kc3 59. h6 Ra5 60. Kf6 Ra6+ 61. Kg7 Ra7+ 62.
Kf6 Bg8 63. h7 Bxh7 64. Bxh7 Kb2 65. Rxa2+ Kxa2 66. Bg8+ Kb2 67. Bf7 Kc3 68. Be6 Ra5 69. Kg7 Kd4 70. Bg8 Ke5 71. Kh8 Kf6 72. Bh7 Rg5 73.
Bg8 Rg7 74. Bh7 Kf7 75. Bb1 Kf8 76. Bh7 Rg5 77. Be4 Rh5+ 78. Bh7 Ke7 79. Kg7 Rg5+ 80.
Kh8 Kf8 81. Bd3 Rg8+ 82. Kh7 Rg3 83. Bf5 Rf3 84. Be4 Rf4 85. Bd3 Rh4+ 86. Kg6 Rh3 87. Bf5 Rh8 88. Be6 Rh2 89. Bf5 1/2-1/2

[Event "*** Titled Tuesday Blitz"]
[Site "Chess.com"]
[Date "2018.05.01"]
[Round "5"]
[White "r31415"]
[Black "rubhani"]
[Result "1/2-1/2"]
[WhiteElo "2204"]
[BlackElo "2421"]
[TimeControl "180+2"]
[EndTime "14:10:53 PDT"]
[Termination "Game drawn - insufficient material"]

1. e4 c5 2. Nf3 d6 3. d4 cxd4 4.
Nxd4 Nf6 5. Nc3 a6 6. h3 e6 7. g4 Nfd7 8. Bg2 Nc6 9. Be3 Be7 10. O-O O-O 11. f4 Nxd4 12. Bxd4 e5 13. Be3 exf4 14.
Bxf4 Ne5 15. Kh1 Be6 16. Nd5 Bg5 17. Qd2 Bxf4 18. Nxf4 Qc7 19. b3 Rac8 20. c4 b5 21.
cxb5 axb5 22. Rfd1 Rfd8 23. Rac1 Qb8 24. Bf1 Rxc1 25. Qxc1 h6 26. Qa3 Qb6 27. Qb4 Qf2 28.
Qd2 Qg3 29. Nh5 Qh4 30. Qe1 Qg5 31. Qd2 Qh4 32. Qe1 Qxe1 33. Rxe1 d5 34. Rd1 b4 35.
Nf4 d4 36. Kg2 Bc8 37. Kf2 Bb7 38. Bg2 Kf8 39. Ke2 Ba6+ 40. Kd2 Bb7 41. Rc1 Rc8 42. Rxc8+ Bxc8 43. Nd3 Nc6 44. e5 Bd7 45. Bxc6 Bxc6 46. Nxb4 Bg2 47. h4 g5 48. hxg5 hxg5 49. Nd3 Ke7 50. Nc5 Bf3 51. Kd3 Bxg4 52. Kxd4 Bf3 53. Ke3 Bc6 54. a4 f6 55. exf6+ Kxf6 56. b4 Ke5 57. b5 Bd5 58. b6 Kd6 59. Kd4 g4 60. Nd3 g3 61. Nf4 g2 62. Ne2 Bf3 63. Ng1 Bc6 64. a5 Bb5 65. Nf3 Kc6 66. Ne5+ Kb7 67. Nf3 Ka6 68. Kc5 Ba4 69. Kd6 Bc2 70. Kc7 Be4 71. Ng1 Kxa5 72. b7 Bxb7 73. Kxb7 Kb4 74. Kc7 Kc3 75. Kd6 Kd2 76. Ke5 Ke1 77. Kf4 Kf1 78.
Nh3 g1=Q 79. Nxg1 1/2-1/2

[Event "*** Titled Tuesday Blitz"]
[Site "Chess.com"]
[Date "2018.05.01"]
[Round "5"]
[White "NormWeinstein"]
[Black "SmoothAsAHedgehog"]
[Result "1-0"]
[WhiteElo "2312"]
[BlackElo "2513"]
[TimeControl "180+2"]
[EndTime "14:11:01 PDT"]
[Termination "NormWeinstein won on time"]

1. e4 c6 2. d4 d5 3. exd5 cxd5 4. c4 Nf6 5. Nc3 Nc6 6. Nf3 Bg4 7. cxd5 Nxd5 8. Bc4 e6 9. O-O Be7 10. h3 Bxf3 11.
Qxf3 Nxc3 12. bxc3 O-O 13. Rb1 Na5 14. Bd3 Rc8 15.
Bd2 b6 16. Rb5 Nc4 17. Bc1 Bf6 18. Rd1 a6 19. Rb1 b5 20. Qb7 Qd6 21. a4 bxa4 22. Rb4 Na5 23. Qe4 g6 24. Rxa4 Qb6 25. Bd2 Nb3 26.
Be1 a5 27. Rb1 Rb8 28. Ra3 a4 29. Rxa4 Qc7 30. Rc4 Qd8 31. Ra4 Qc7 32. Bc4 Na5 33. Rxb8 Rxb8 34. Bf1 h5 35. c4 Nb3 36. Bc3 Nc5 37.
dxc5 Bxc3 38. c6 Rb6 39. Qd3 Bf6 40. Ra8+ Kg7 41. Qd7 Rxc6 42. Qxc7 Rxc7 43. Bd3 Bd4 44. Kf1 Rb7 45. Rd8 e5 46. Rd5 Rb2 47. f4 Rf2+ 48. Ke1 Rxf4 49. c5 Bc3+ 50. Kd1 Ra4 51. c6 Ra7 52. Bb5 Bd4 53. Kc2 f5 54. Kd3 Kf6 55.
Rd6+ Kg5 56. Kc4 Rc7 57. Kd5 Kf4 58. Rxg6 e4 59. Kd6 Bb6 60. Rh6 Kg5 61. Rh8 f4 62.
Rg8+ Kh4 63. Be2 Rf7 64. Ke6 f3 65. gxf3 exf3 66. Bf1 Rc7 67. Kd6 Rf7 68. Rc8 f2 69. Rg8 Bc7+ 70. Ke6 Rh7 71. Rf8 Bb6 72. Rf3 Rc7 73.
Kd6 Rg7 74. Be2 Rg1 75. Rb3 Ba5 76. Rb5 Bd8 77. Kd7 Rg8 78. Rb3 1-0

[Event "*** Titled Tuesday Blitz"]
[Site "Chess.com"]
[Date "2018.05.01"]
[Round "5"]
[White "Orest_Vovk"]
[Black "Fy_Rakotomaharo"]
[Result "1/2-1/2"]
[WhiteElo "2475"]
[BlackElo "2498"]
[TimeControl "180+2"]
[EndTime "14:11:40 PDT"]
[Termination "Game drawn by repetition"]

1. g4 d5 2. h3 c6 3. Bg2 e5 4. d4 Nd7 5. c4 dxc4 6. Nf3 Bb4+ 7. Nc3 Qe7 8. dxe5 Nxe5 9. Qd4 Nd3+ 10. Kf1 Nxc1 11.
Rxc1 Nf6 12. Qxc4 Be6 13. Qf4 Bxc3 14. bxc3 O-O 15. a4 Nd5 16. Qg5 f6 17. Qd2 Nb6 18. Qc2 Nc4 19. Nd2 Rfe8 20. Nxc4 Bxc4 21. Bf3 Rad8 22.
Re1 Qa3 23. Kg2 Bb3 24. Ra1 Bxc2 25. Rxa3 Be4 26. a5 Rd2 27. e3 Rb2 28. Kg3 Bxf3 29. Kxf3 Re5 30. Rd1 Kf7 31. a6 b6 32. Rd7+ Re7 33.
Rb7 Rd2 34. Ra4 Rdd7 35. Rb8 Re5 36. Rd4 Red5 37. Re4 Re7 38. Rb7 Rdd7 39. Rxe7+ Kxe7 40. Kf4 Kd6 41. Rb8 b5 42. Kf5 Re7 43. h4 Re5+ 44.
Kf4 g5+ 45. hxg5 fxg5+ 46. Kf3 Re7 47. e4 Rc7 48. Ke3 Kc5 49. f4 gxf4+ 50. Kxf4 Rf7+ 51. Kg5 Kc4 52. Rb7 Rf1 53. Rxa7 Kxc3 54. Rc7 Ra1 55.
Rxc6+ Kd4 56. Kf5 Rf1+ 57. Kg5 Kxe4 58. Rb6 Ra1 59. Rxb5 Rxa6 60. Rb7 h6+ 61. Kh5 Kf3 62. Rb3+ Kf4 63. Rb4+ Kg3 64. Rb5 Rd6 65. Rb4 Kf3 66.
Ra4 Kg3 67. Rb4 Kf3 68. Kh4 Rd1 69. Rb3+ Kf4 70. Rb4+ Kf3 71. Kh5 Rh1+ 72. Kg6 Rh4 73. Kf5 Ke3 74. Rb3+ Kf2 75. Ra3 Kg2 76. Rb3 Kf2 77.
Rb4 Kg3 78. Ra4 Kf3 79. Rb4 Kg3 80. Ra4 Kf3 81. Ra3+ Kg2 82. Ra2+ Kg3 83. Ra3+ Kf2 84. Kf4 h5 85. Ra2+ Ke1 86. Ra1+ Kf2 87. Ra2+ Ke1 88.
Ra1+ Kf2 89. Ra2+ Ke1 90. Ra1+ Kf2 91. Ra2+ Ke1 92. Ra1+ Kf2 93. Ra2+ 1/2-1/2

[Event "*** Titled Tuesday Blitz"]
[Site "Chess.com"]
[Date "2018.05.01"]
[Round "5"]
[White "Firouzja2003"]
[Black "gmjlh"]
[Result "1-0"]
[WhiteElo "2868"]
[BlackElo "2620"]
[TimeControl "180+2"]
[EndTime "14:12:44 PDT"]
[Termination "Firouzja2003 won on time"]

1. d4 d5 2. c4 e6 3. g3 Nf6 4. Bg2 Be7 5. Nf3 O-O 6. O-O dxc4 7. a4 b6 8. Ne5 Nd5 9. e4 Nb4 10. Na3 N8c6 11. Nxc6 Nxc6 12. d5 Na5 13. Qc2 exd5 14. exd5 Ba6 15. Bf4 Bd6 16. Bxd6 cxd6 17. Rfe1 Qf6 18.
Rad1 Rfe8 19. Nb1 Nb7 20. Nd2 Nc5 21. Bf1 Rxe1 22. Rxe1 Qd4 23. Nxc4 Bxc4 24. Bxc4 g6 25. b3 a5 26. Re3 Kf8 27. Qe2 Qf6 28. Bb5 Kg7 29. Rf3 Qe5 30. Re3 Qf6 31. Be8 Ra7 32. Kg2 h5 33. Bb5 Ra8 34. Bc6 Rf8 35. Qb5 Qd8 36. b4 axb4 37. Qxb4 Qc7 38. Qd4+ Kg8 39. Qf6 Qd8 40. Qf4 Kg7 41. Qb4 Qc7 42. Qb2+ Kg8 43.
h4 Qd8 44. Qb4 Qc7 45. Qb5 Kg7 46. Re2 Rb8 47. Qb4 Rf8 48. Rb2 Qe7 49. Qd4+ Qf6 50. Qxf6+ Kxf6 51. Rxb6 Rc8 52. a5 Rc7 53. f4 Ra7 54. Rb5 Kf5 55. Kf3 Ra6 56. Ke3 Kg4 57. Kd4 Rxa5 58. Rxa5 Nb3+ 59. Kc3 Nxa5 60. Kb4 Kxg3 61.
Kxa5 Kxf4 62. Be8 g5 63. hxg5 h4 64. Bxf7 h3 65. g6 h2 66. g7 h1=Q 67. g8=Q Qa1+ 68. Kb6 Qc3 69. Be6 Qc5+ 70. Kb7 Ke5 71. Qg3+ Kf6 72. Qf4+ Kg6 73. Qf5+ Kg7 74. Qf7+ Kh6 75. Qf6+ Kh5 76.
Qf5+ Kh6 77. Qb1 Kg5 78. Qb6 Qa3 79. Kc7 Kf6 80. Qxd6 Qa7+ 81. Kd8 Qa5+ 82. Qc7 Qa8+ 83. Kd7 Qa4+ 84. Kd6 Qf4+ 85. Kc6 Qc4+ 86. Kb7 Qb4+ 87. Qb6 Qe7+ 88. Kc6 Qe8+ 89. Bd7 Qe2 90. Kc7+ Kg7 91.
Qd4+ Kf7 92. d6 Qc2+ 93. Bc6 Qh2 94. Bd5+ Kg6 95. Qe4+ Kf6 96. Qf3+ Ke5 97. d7 Kd4+ 98. Kc8 Qh8+ 99. d8=Q Qh3+ 100. Be6+ 1-0

[Event "*** Titled Tuesday Blitz"]
[Site "Chess.com"]
[Date "2018.05.01"]
[Round "6"]
[White "Vusatiuk_Vladimir"]
[Black "colegiodemadrid"]
[Result "1-0"]
[WhiteElo "2201"]
[BlackElo "2275"]
[TimeControl "180+2"]
[EndTime "14:15:56 PDT"]
[Termination "Vusatiuk_Vladimir won by resignation"]

1. e4 c5 2. Nc3 a6 3. f4 e6 4. Nf3 Nc6 5. Be2 Nf6 6. O-O d5 7. exd5 exd5 8. d4 cxd4 9. Nxd4 Bc5 10. Be3 Qe7 11. Qd2 O-O 12. Kh1 Ne4 13. Nxe4 dxe4 14.
Nxc6 bxc6 15. Bc4 Rd8 16. Bxc5 1-0

[Event "*** Titled Tuesday Blitz"]
[Site "Chess.com"]
[Date "2018.05.01"]
[Round "6"]
[White "Mikhail_Golubev"]
[Black "FearlessKing64"]
[Result "1-0"]
[WhiteElo "2360"]
[BlackElo "2163"]
[TimeControl "180+2"]
[EndTime "14:15:57 PDT"]
[Termination "Mikhail_Golubev won by resignation"]

1. e4 c5 2. Nf3 d6 3. d4 cxd4 4. Nxd4 Nf6 5. Nc3 a6 6. Bc4 e6 7. Bb3 b5 8. O-O b4 9. Na4 Bd7 10. Re1 Nc6 11. Nxc6 Bxc6 12. Bd2 Rb8 13. a3 bxa3 14.
Nc3 d5 15. exd5 Nxd5 16. Nxd5 Bxd5 17. Ba4+ 1-0

[Event "*** Titled Tuesday Blitz"]
[Site "Chess.com"]
[Date "2018.05.01"]
[Round "6"]
[White "Karina_Oparina"]
[Black "saraswathii"]
[Result "1/2-1/2"]
[WhiteElo "2100"]
[BlackElo "2257"]
[TimeControl "180+2"]
[EndTime "14:16:02 PDT"]
[Termination "Game drawn by repetition"]

1. Nf3 Nc6 2. c4 d6 3. d4 Nf6 4. g3 g6 5. Bg2 Bg7 6. O-O O-O 7.
Nc3 e5 8. d5 Ne7 9. e4 Nh5 10.
h3 f5 11. b4 Nf6 12. Rb1 fxe4 13. Ng5 Nf5 14. Ngxe4 Nd4 15. Be3 Nf5 16. Bc1 Nd4 17. Be3 Nf5 18. Bc1 Nd4 19. Be3 Nf5 1/2-1/2

[Event "*** Titled Tuesday Blitz"]
[Site "Chess.com"]
[Date "2018.05.01"]
[Round "6"]
[White "Fandorine"]
[Black "Frolik67"]
[Result "1-0"]
[WhiteElo "2725"]
[BlackElo "2469"]
[TimeControl "180+2"]
[EndTime "14:16:35 PDT"]
[Termination "Fandorine won by resignation"]

1. e4 e6 2. d4 d5 3. Bd3 dxe4 4. Bxe4 Nf6 5. Bf3 c5 6. Ne2 cxd4 7. Qxd4 Qxd4 8.
Nxd4 Be7 9. Nb5 Na6 10. N1c3 O-O 11. Bf4 Bb4 12. O-O-O h6 13. a3 Be7 14. h3 Nd7 15. Bxb7 Bxb7 16. Rxd7 Bg5 17. Bxg5 Bc8 18. Rxa7 Rxa7 19. Nxa7 hxg5 20. Nxc8 Rxc8 21. Rd1 Nc5 22. b4 Na6 23. Kb2 Nc7 24. Kb3 e5 25. Nd5 Kf8 26.
Nxc7 Rxc7 27. b5 Ke7 28. a4 f5 29. b6 Rc6 30. a5 e4 31. b7 1-0

[Event "*** Titled Tuesday Blitz"]
[Site "Chess.com"]
[Date "2018.05.01"]
[Round "6"]
[White "popov_m"]
[Black "SipkeErnst"]
[Result "0-1"]
[WhiteElo "2385"]
[BlackElo "2523"]
[TimeControl "180+2"]
[EndTime "14:17:05 PDT"]
[Termination "SipkeErnst won by resignation"]

1. d4 Nf6 2. Bf4 d5 3. e3 e6 4. Nf3 c5 5. Nbd2 Bd6 6. Bg3 b6 7. c3 O-O 8. Bd3 Ba6 9. Bxa6 Nxa6 10. Qe2 Nc7 11. dxc5 bxc5 12. e4 Be7 13. O-O a5 14. e5 Nh5 15. Ne1 Nxg3 16. hxg3 Qb8 17. Rb1 c4 18. Nc2 Ra6 19. b3 cxb3 20. Nxb3 Rb6 21. Nbd4 Rxb1 22. Nc6 Rxf1+ 23. Qxf1 Qe8 24. N2d4 Bc5 25.
Qc1 Bxd4 26. cxd4 Na6 27. Qc3 Nb4 28. Nxa5 Qb5 29. Nb3 Qc4 0-1

[Event "*** Titled Tuesday Blitz"]
[Site "Chess.com"]
[Date "2018.05.01"]
[Round "6"]
[White "nubair1198"]
[Black "gmcorrales"]
[Result "0-1"]
[WhiteElo "2538"]
[BlackElo "2738"]
[TimeControl "180+2"]
[EndTime "14:18:21 PDT"]
[Termination "gmcorrales won by resignation"]

1. d4 Nf6 2. c4 g6 3. Nc3 d5 4. Nf3 Bg7 5. h4 h5 6. Bg5 dxc4 7. e4 O-O 8. Bxc4 c6 9. Ne5 b5 10. Bb3 b4 11. Bxf6 exf6 12. Nxg6 bxc3 13. Nxf8 cxb2 14. Rb1 Qa5+ 15. Kf1 Kxf8 16. d5 Ba6+ 17. Kg1 c5 18. Rxb2 c4 19. Bxc4 Bxc4 20. Rc2 Ba6 21. Qxh5 Nd7 22.
Qf5 Bd3 23. Rc1 Qd2 24. Rd1 Qxd1+ 25. Kh2 Qa4 26. f3 Ne5 27. h5 Qc2 28. h6 Bxh6 29.
Qxf6 Bg7 30. Qd6+ Kg8 31. Kg3 Qd2 32. Rh5 Qe1+ 33. Kh2 Ng6 34. Qa3 Qd2 0-1

[Event "*** Titled Tuesday Blitz"]
[Site "Chess.com"]
[Date "2018.05.01"]
[Round "6"]
[White "sergeikim"]
[Black "r31415"]
[Result "1-0"]
[WhiteElo "2368"]
[BlackElo "2199"]
[TimeControl "180+2"]
[EndTime "14:18:25 PDT"]
[Termination "sergeikim won by resignation"]

1. d4 d6 2. c4 f5 3. g3 Nf6 4. Bg2 g6 5. Nf3 Bg7 6. O-O O-O 7. Nc3 c6 8. Qc2 Qc7 9. e4 e5 10. exf5 Bxf5 11. Qb3 Na6 12. c5+ d5 13. Nxe5 Nxc5 14. dxc5 Qxe5 15. Qxb7 Rac8 16. Bf4 Qd4 17. Bd6 Rf7 18.
Qa6 Bd3 19. Qxc8+ Bf8 20. Rad1 Ng4 21. Rxd3 Qxd3 22. Qxg4 1-0